 Dungeon Crawl Stone Soup version 0.19.1 (webtiles) character file.

175 SQman the Shield-Bearer (level 5, -2/46 HPs)
             Began as a Minotaur Fighter on Dec 17, 2016.
             Was an Initiate of Gozag.
             Slain by an orc
             ... wielding a +0 short sword
              (5 damage)
             ... on level 3 of the Dungeon.
             The game lasted 00:10:46 (1834 turns).

SQman the Shield-Bearer (Minotaur Fighter)          Turns: 1834, Time: 00:10:47

Health: -2/46      AC:  7    Str: 21    XL:     5   Next: 29%
Magic:  4/4        EV:  8    Int:  5    God:    Gozag
Gold:   129        SH: 10    Dex: 10    Spells: 0 memorised, 4 levels left

rFire  . . .     SeeInvis .     a - +0 trident
rCold  . . .     Gourm    .     b - +0 scale mail
rNeg   . . .     Faith    .     c - +0 shield
rPois  .         Spirit   .     (helmet restricted)
rElec  .         Reflect  .     (no cloak)
rCorr  .         Harm     .     (no gloves)
MR     .....                    (no boots)
Stlth  ..........               (no amulet)
                                (no ring)
                                (no ring)

@: lethally poisoned (-2 -> -4), gold aura
A: retaliatory headbutt, horns 2
a: Potion Petition, Call Merchant, Bribe Branch, Renounce Religion


You were on level 3 of the Dungeon.
You worshipped Gozag.
Gozag was aware of your devotion.
You were not hungry.

You visited 1 branch of the dungeon, and saw 3 of its levels.

You collected 129 gold pieces.

Inventory:

Hand Weapons
 a - a +0 trident (weapon)
 i - a +0 whip of electrocution
Armour
 b - a +0 scale mail (worn)
 c - a +0 shield (worn)
 j - a +0 ring mail
Jewellery
 l - an uncursed ring of wizardry
Wands
 h - a wand of digging (23/24)
Scrolls
 m - a scroll of recharging {unknown}
Potions
 d - 2 potions of might
 e - a potion of curing
 k - a potion of agility
Comestibles
 f - 3 bread rations
 g - 9 chunks of flesh


   Skills:
 + Level 4.2 Fighting
 + Level 3.9 Polearms
 + Level 4.3 Armour
 + Level 1.2 Dodging
 + Level 0.3 Stealth
 + Level 5.3 Shields


You had 4 spell levels left.
You didn't know any spells.

Dungeon Overview and Level Annotations

Branches:
Dungeon (3/15)

Altars:
Gozag


Innate Abilities, Weirdness & Mutations

You reflexively headbutt those who attack you in melee.
You have a pair of horns on your head.


Message History

You closely miss the orc priest. Your headbutt misses the orc priest.
The orc priest is moderately wounded.
You block the orc's attack.
The orc priest looks satisfied for a moment.
The adder bites you but does no damage.
You barely miss the orc priest. You headbutt the orc priest.
The orc priest is heavily wounded.
You block the orc's attack. The adder barely misses you.
The orc priest barely misses you. You furiously retaliate!
You headbutt the orc priest!
You kill the orc priest!
The adder bites you.
* * * LOW HITPOINT WARNING * * *
You are poisoned.
The adder poisons you! The orc hits you but does no damage.
You hit the adder. You headbutt the adder.
You kill the adder!
You feel sick. The orc hits you with a short sword.
You die...
Your body crumbles into a pile of gold.

<................... .
...............>..###...
####.....###.####...[...
###............##
##......##....#
........##....# ...
###.#.#.......####. #.#
#.....#..$.......
#.######.....##.@.......
...............$o$......
..###...................
......# ....#..g.....##
..##..##...####.......#
..........# #....#.##
......#...... ..#..#.#
##.#......##. .# .?. .
##..........


You could see an orc and a goblin.

Vanquished Creatures
  2 orc priests (D:3)
  5 adders
  An ooze (D:3)
  An adder skeleton (D:3)
  2 worms
  A dart slug (D:1)
  4 leopard geckos
  2 orcs (D:3)
  9 bats
  2 giant cockroaches
  4 goblins
  7 hobgoblins
  6 kobolds
  A quokka (D:2)
  A ball python (D:2)
  5 frilled lizards
  4 rats
57 creatures vanquished.

Notes
Turn   | Place    | Note
-------+----------+-------------------------------------------
     0 | D:1      | SQman the Minotaur Fighter began the quest for the Orb.
     0 | D:1      | Reached XP level 1. HP: 19/19 MP: 0/0
   175 | D:1      | Reached XP level 2. HP: 26/27 MP: 1/1
   410 | D:1      | Reached skill level 4 in Shields
   799 | D:2      | Reached XP level 3. HP: 29/33 MP: 2/2
  1508 | D:2      | Reached XP level 4. HP: 40/40 MP: 3/3
  1761 | D:3      | Found a faded altar of an unknown god.
  1762 | D:3      | Reached skill level 1 in Dodging
  1794 | D:3      | Became a worshipper of Gozag Ym Sagoz the Greedy
  1826 | D:3      | Reached skill level 5 in Shields
  1828 | D:3      | Reached XP level 5. HP: 11/46 MP: 4/4
  1828 | D:3      | HP: 1/46 [orc priest/nerve-wracking pain (10)]
  1834 | D:3      | Slain by an orc

Skill      XL: |  1  2  3  4 |
---------------+-------------+-----
Shields        | 4 5 |  5.3
Fighting       | 4 |  4.2
Polearms       | 3 |  3.9
Armour         | 4 |  4.3
Dodging        | 1 |  1.2
Stealth        | |  0.3

Action                   |  1- 3 |  4- 6 || total
-------------------------+-------+-------++-------
Melee: Trident           |   107 |    51 ||   158
       Headbutt          |    11 |     9 ||    20
  Use: Potion            |     4 |     1 ||     5
       Scroll            |     3 |       ||     3
  Eat: Chunk             |     2 |     1 ||     3
Armor: Scale mail        |    54 |    19 ||    73
Dodge: Dodged            |    36 |    14 ||    50
Block: Shield            |    60 |    30 ||    90
